 Dungeon Crawl Stone Soup version 0.20.1-1-g8b1a95d (webtiles) character file.

86 Tr0llz0r the Skirmisher (level 4, -2/40 HPs)
             Began as a Hill Orc Fighter on Oct 25, 2017.
             Was an Initiate of Beogh.
             Killed by divine providence
             ... invoked by an orc priest
              (12 damage)
             ... on level 3 of the Dungeon.
             The game lasted 00:10:39 (1729 turns).

Tr0llz0r the Skirmisher (Hill Orc Fighter)          Turns: 1729, Time: 00:10:40

Health: -2/40      AC:  7    Str: 19    XL:     4   Next: 49%
Magic:  4/4        EV:  7    Int:  8    God:    Beogh [......]
Gold:   101        SH:  9    Dex: 10    Spells: 3/3 levels left

rFire    . . .     SeeInvis .   a - +1 war axe
rCold    . . .     Gourm    .   c - +0 shield
rNeg     . . .     Faith    .   b - +0 scale mail
rPois    .         Spirit   .   (no helmet)
rElec    .         Reflect  .   (no cloak)
rCorr    .         Harm     .   (no gloves)
MR       .....                  (no boots)
Stlth    ..........             (no amulet)
Regen    0.2/turn               (no ring)
MPRegen  0.1/turn               (no ring)

@: no status effects
A: no striking features
a: Renounce Religion


You were on level 3 of the Dungeon.
You worshipped Beogh.
Beogh was noncommittal.
You were not hungry.

You visited 1 branch of the dungeon, and saw 3 of its levels.

You collected 101 gold pieces.

Inventory:

Hand Weapons
 a - a +1 war axe (weapon)
Missiles
 q - 3 javelins (quivered)
Armour
 b - a +0 scale mail (worn)
 c - a +0 shield (worn)
Wands
 f - a wand of scattershot (6/9)
Scrolls
 e - a scroll of recharging
 k - 2 scrolls of teleportation
 l - a scroll of identify
 n - a scroll of fear
Potions
 d - a potion of might
 m - a potion of invisibility
Comestibles
 j - 3 fruits
 p - a bread ration


   Skills:
 + Level 4.2 Fighting
 + Level 4.0 Axes
 + Level 3.7 Armour
 + Level 0.4 Dodging
 + Level 4.1 Shields


You had 3 spell levels left.
You didn't know any spells.

Dungeon Overview and Level Annotations

Branches:
Dungeon (3/15)

Altars:
Sif Muna


Message History

You block the orc's attack.
The orc priest hits you from afar with a trident!
* * * LOW HITPOINT WARNING * * *
The orc priest closely misses the orc priest.
An orc priest comes into view. It is wielding a dagger.
You barely miss the orc priest.
The orc priest is heavily wounded.
You hit the orc.
You kill the orc!
Beogh accepts your kill.
Your Axes skill increases to level 4!
The orc priest barely misses you.
The orc priest hits the orc priest but does no damage.
The orc priest hits you but does no damage.
You hit the orc priest.
The orc priest is severely wounded.
The orc priest mumbles some strange prayers to Beogh against you.
Beogh smites you!
You die...
Beogh appreciates the orc priest's killing of a heretic priest.

.... ##...o...
##.....o...
##...$......
######...o......#
#.......o ..... #
#...)o)o# ... ...
#@##.#..#
#..o....#
####.##.# .# .#
##


You could see 3 orc priests, a neutral orc priest and a neutral orc wizard
(wandering).

Vanquished Creatures
  An orc priest (D:3)
  An adder (D:2)
  2 worms (D:2)
  A dart slug (D:2)
  2 leopard geckos (D:1)
  2 orcs (D:3)
  3 bats (D:1)
  2 hobgoblins
  2 jackals (D:1)
  A ball python (D:2)
  5 frilled lizards
  6 goblins
  2 kobolds
  9 rats
39 creatures vanquished.

Vanquished Creatures (others)
  An orc (D:3)
1 creature vanquished.

Grand Total: 40 creatures vanquished

Notes
Turn   | Place    | Note
-------+----------+-------------------------------------------
     0 | D:1      | Tr0llz0r the Hill Orc Fighter began the quest for the Orb.
     0 | D:1      | Reached XP level 1. HP: 19/19 MP: 1/1
   233 | D:1      | Reached XP level 2. HP: 11/27 MP: 2/2
  1105 | D:2      | Reached XP level 3. HP: 23/33 MP: 3/3
  1612 | D:2      | Found a deep blue altar of Sif Muna.
  1717 | D:3      | Became a worshipper of Beogh the Brigand
  1726 | D:3      | Reached XP level 4. HP: 29/40 MP: 4/4
  1729 | D:3      | Killed from afar by an orc priest

Skill      XL: |  1  2  3  4 |
---------------+-------------+-----
Axes           | 3 4 |  4.0
Shields        | 4 |  4.1
Fighting       | 4 |  4.2
Armour         | |  3.7
Dodging        | |  0.4

Action                   |  1- 3 |  4- 6 || total
-------------------------+-------+-------++-------
Melee: War axe           |   132 |     2 ||   134
Invok: Convert to Beogh  |     1 |       ||     1
Evoke: Wand              |       |     1 ||     1
  Use: Scroll            |     8 |       ||     8
  Eat: Bread ration      |     1 |       ||     1
Armor: Scale mail        |    85 |     2 ||    87
Dodge: Dodged            |    78 |     1 ||    79
Block: Shield            |   115 |     2 ||   117
